Map: Mech Depot LE

Players

SamuraiFunn

  • Race: Protoss Protoss
  • Spawn Location: 1:00

A.I. 1 (Harder) - Winner!

  • Race: Terran Terran
  • Spawn Location: 7:00

VOD

Have the link to the VOD?

Description

Time

  • Played on: Oct. 28, 2017, 1:31 p.m.
  • Length: 5:50
Show
View Real Time Build Order
Export as new Build Order

SamuraiFunn Protoss 

Build Orders:  

Get SALT Encoding   

  12  0:02  Probe (Chrono Boost)  
  13  0:16  Probe (Chrono Boost)  
  14  0:22  Pylon  
  14  0:27  Probe (Chrono Boost)  
  15  0:40  Probe (Chrono Boost), Gateway  
  16  0:51  Probe (Chrono Boost), Assimilator  
  17  1:01  Probe (Chrono Boost)  
  18  1:06  Assimilator  
  18  1:23  Probe (Chrono Boost)  
  19  1:31  Cybernetics Core  
  19  1:33  Probe (Chrono Boost)  
  20  1:43  Pylon  
  20  1:49  Zealot  
  20  1:51  Probe (Chrono Boost)  
  23  2:11  Twilight Council  
  23  2:17  Pylon  
  23  2:18  Probe (Chrono Boost)  
  24  2:27  Zealot  
  24  2:28  Probe (Chrono Boost)  
  27  2:39  Probe (Chrono Boost), Pylon  
  28  2:47  Nexus  
  28  2:54  Zealot  
  29  3:12  Robotics Facility  
  29  3:21  Zealot  
  29  3:22  Probe (Chrono Boost)  
  32  3:48  Zealot  
  32  3:49  Probe (Chrono Boost)  
  35  3:56  Robotics Facility  
  35  4:00  Probe (Chrono Boost)  
  36  4:04  Probe (Chrono Boost)  
  36  4:07  Pylon  
  37  4:10  Probe (Chrono Boost)  
  37  4:14  Probe (Chrono Boost)  
  39  4:21  Probe (Chrono Boost)  
  44  4:31  Immortal  
  44  4:46  Forge  
  44  4:54  Robotics Facility  
  44  4:57  Probe (Chrono Boost)  
  45  5:01  Probe (Chrono Boost)  
  46  5:07  Probe (Chrono Boost)  
  46  5:12  Probe (Chrono Boost)  
  48  5:18  Probe (Chrono Boost)  
  57  5:22  Probe (Chrono Boost)  
  58  5:28  Probe (Chrono Boost)  
  49  5:39  Probe (Chrono Boost)  
  50  5:46  Assimilator  
Show
View Real Time Build Order
Export as new Build Order

A.I. 1 (Harder) Terran - Winner!

Build Orders:  

Get SALT Encoding   

  12  0:00  SCV  
  13  0:13  SCV  
  14  0:19  Supply Depot  
  14  0:25  SCV  
  15  0:40  SCV  
  16  0:45  Barracks  
  16  0:49  Refinery  
  16  0:52  SCV  
  17  1:04  SCV  
  18  1:17  SCV  
  19  1:22  Supply Depot  
  19  1:29  SCV  
  19  1:32  Marine  
  21  1:41  Barracks  
  21  1:42  Orbital Command  
  21  1:49  Refinery  
  21  1:51  Barracks Tech Lab  
  21  2:03  Factory  
  21  2:09  Marine  
  22  2:19  Supply Depot  
  22  2:27  Marine x2  
  24  2:44  Marine  
  24  2:45  Marine  
  24  2:50  Hellion  
  28  2:53  Supply Depot  
  28  3:02  Marine  
  28  3:03  Marine  
  30  3:11  Hellion  
  32  3:20  Marine  
  32  3:21  SCV, Marine  
  35  3:28  Supply Depot  
  35  3:33  SCV, Hellion  
  38  3:38  Marine  
  39  3:42  Engineering Bay  
  39  3:45  SCV  
  40  3:54  Hellion  
  42  3:57  SCV  
  43  4:09  SCV  
  44  4:16  Hellion  
  46  4:21  SCV  
  47  4:43  Barracks Tech Lab  
  47  4:44  Marauder  
  49  4:46  Factory, Factory Tech Lab  
  49  4:50  Starport  
  49  4:52  Supply Depot, Command Center  
  49  4:55  Starport  
  49  5:05  Marauder x2  
  53  5:27  Starport Tech Lab  
  54  5:30  Factory Tech Lab  
  54  5:32  Starport Tech Lab  
Tags
 
Matchup
PvT
Replay Pack
First 100 games
Spawn Locations
Cross Positions
Add a new tag
Caveats
  • Supply blocks, unpowered buildings, or Contaminate may cause inaccurate times.
  • Supply counts are checked every 10 seconds.